 Dungeon Crawl Stone Soup version 0.18-a0-1071-g9f02aef (webtiles) character file.

92 sugabear the Cudgeler (level 4, -9/23 HPs)
             Began as a Vine Stalker Gladiator on Jan 13, 2016.
             Mangled by a gnoll
             ... wielding a +0 halberd
              (10 damage)
             ... on level 2 of the Dungeon.
             The game lasted 00:04:25 (1846 turns).

sugabear the Cudgeler (Vine Stalker Gladiator)      Turns: 1846, Time: 00:04:25

Health: -9/23      AC:  4    Str: 19    XL:     4   Next: 60%
Magic:  0/5        EV: 13    Int:  8    God:
Gold:   60         SH:  0    Dex: 14    Spells: 0 memorised, 3 levels left

rFire  . . .     SeeInvis .     a - +0 flail
rCold  . . .     Gourm    .     b - +0 leather armour
rNeg   . . .     Faith    .     (no shield)
rPois  .         Spirit   +     c - +0 helmet
rElec  .         Dismiss  .     (no cloak)
rCorr  .         Reflect  .     (no gloves)
SustAt .         Harm     .     (no boots)
MR     .....                    (no amulet)
Stlth  +.........               (no ring)
                                (no ring)

@: not resistant to hostile enchantments, very unstealthy
A: fangs 2, regeneration 1, magic shield, antimagic bite, no device heal 3, rot
immunity
a: no special abilities


You were on level 2 of the Dungeon.
You were not hungry.

You visited 1 branch of the dungeon, and saw 2 of its levels.

You collected 60 gold pieces.

Inventory:

Hand Weapons
 a - a +0 flail (weapon)
Missiles
 d - 3 throwing nets (quivered)
Armour
 b - a +0 leather armour (worn)
 c - a +0 helmet (worn)
Scrolls
 h - a scroll of fog {unknown}
 i - 2 scrolls of magic mapping {unknown}
 j - 2 scrolls of teleportation {unknown}
 k - a scroll of remove curse {unknown}
 l - 2 scrolls of fear {unknown}
 m - a scroll of enchant weapon {unknown}
 o - 2 scrolls of noise {unknown}
 s - a scroll of blinking {unknown}
Potions
 e - a potion of ambrosia {unknown}
 g - a potion of mutation {unknown}
 p - a potion of agility {unknown}
 t - a potion of might {unknown}
Comestibles
 f - 3 bread rations
 n - 2 meat rations
 q - a beef jerky
 r - 4 fruits


   Skills:
 + Level 2.1 Fighting
 + Level 3.4 Maces & Flails
 + Level 1.7 Throwing
 + Level 1.1 Armour
 + Level 3.1 Dodging
 + Level 1.1 Stealth


You had 3 spell levels left.
You didn't know any spells.

Dungeon Overview and Level Annotations

Branches:
Dungeon (2/15)

Altars:
Dithmenos
Makhleb


Innate Abilities, Weirdness & Mutations

You have extremely sharp teeth.
Your natural rate of healing is unusually fast.
When hurt, damage is shared between your health and your magic reserves.
Your bite disrupts and absorbs the magic of your enemies.
Potions and wands cannot restore your health.
You are immune to rotting.


Message History

There is a stone staircase leading up here.
The gnoll barely misses you.
A gnoll is nearby!
You start resting.
The gnoll barely misses you.
You closely miss the gnoll. You bite the gnoll, but do no damage.
The gnoll hits you with a halberd.
You closely miss the gnoll. You bite the gnoll. You drain its power.
You feel invigorated.
The gnoll is lightly wounded.
The gnoll hits you but does no damage. The gnoll misses you.
You closely miss the gnoll. You bite the gnoll. You drain its power.
The gnoll is lightly wounded.
The gnoll hits you! The gnoll hits you with a halberd!
* * * LOW HITPOINT WARNING * * *
The gnoll hits you.
* * * LOW HITPOINT WARNING * * *
Unknown command.
The gnoll hits you from afar with a halberd!
You die...

............# .###........# .#
#........# g# #..>.....# g#
#........# .#*#.....g..######
g##.......g<#.g.g#
.##.........#.##g#
.##...........##@#************
.##...........##........,,,,,*
.####.........##########****,*
.#
#.........#,,,,,,,******,***
.#
#..........,,,,,,,,,,,,,,,,*
.#
#........##.************,,**
## #.........,..,,,,* *,,*
##############*,#***,* *,,*
#...........#,,,*
*,*******,,**


You could see 2 gnolls.

Vanquished Creatures
  Natasha (D:2)
  2 adders
  2 worms (D:2)
  A giant gecko (D:1)
  4 giant cockroaches
  8 goblins
  5 hobgoblins (D:1)
  A ball python (D:2)
  4 bats
  A giant newt (D:1)
  6 kobolds
  12 rats
47 creatures vanquished.

Notes
Turn   | Place    | Note
--------------------------------------------------------------
     0 | D:1      | sugabear the Vine Stalker Gladiator began the quest for the Orb.
     0 | D:1      | Reached XP level 1. HP: 11/11 MP: 2/2
    77 | D:1      | Reached skill level 3 in Maces & Flails
    77 | D:1      | Reached XP level 2. HP: 10/15 MP: 1/3
   273 | D:1      | Reached XP level 3. HP: 18/18 MP: 4/4
   847 | D:2      | Found a shadowy altar of Dithmenos.
   934 | D:2      | Reached skill level 1 in Armour
  1076 | D:2      | Found a burning altar of Makhleb.
  1263 | D:2      | Reached XP level 4. HP: 23/23 MP: 5/5
  1637 | D:2      | Noticed Natasha
  1640 | D:2      | Killed Natasha
  1640 | D:2      | Reached skill level 1 in Stealth
  1800 | D:2      | Found a shadowy altar of Dithmenos.
  1845 | D:2      | HP: 1/23 [gnoll (5)]
  1846 | D:2      | Mangled by a gnoll

Vault maps used:
D:1:      dpeg_arrival_lava_temple_mockup
D:2:      nicolae_dithmenos_through_a_glass_darkly, lightli_temple_of_fire,
          first_bread, uniq_natasha

Action                   |  1- 3 |  4- 6 || total
-------------------------+-------+-------++-------
Melee: Flail             |    98 |    37 ||   135
  Use: Potion            |     1 |       ||     1
 Stab: Sleeping          |     2 |       ||     2
  Eat: Chunk             |       |     3 ||     3
